 Dungeon Crawl Stone Soup version 0.21.1-1-g345015f (webtiles) character file.

31 sking99 the Insei (level 3, -1/23 HPs)
             Began as an Octopode Transmuter on June 23, 2018.
             Slain by a hobgoblin
             ... wielding a cursed -1 club
              (4 damage)
             ... on level 1 of the Dungeon.
             The game lasted 00:02:05 (546 turns).

sking99 the Insei (Octopode Transmuter)              Turns: 546, Time: 00:02:06

Health: -1/23      AC:  1    Str:  9    XL:     3   Next: 22%
Magic:  6/6        EV: 13    Int: 16    God:
Gold:   52         SH:  0    Dex: 12    Spells: 3/6 levels left

rFire    . . .     SeeInvis .     - Unarmed
rCold    . . .     Gourm    .   (no shield)
rNeg     . . .     Faith    .   (helmet restricted)
rPois    .         Spirit   .   (no amulet)
rElec    .         Reflect  .   (no ring)
rCorr    .         Harm     .   (no ring)
MR       .....                  (no ring)
Stlth    ++........             (no ring)
HPRegen  0.07/turn              (no ring)
MPRegen  0.10/turn              (no ring)
                                (no ring)
                                (no ring)

@: no status effects
A: almost no armour, stealthy swim, amphibious, 8 rings, constrict 8, camouflage
1, gelatinous body 1
a: no special abilities


You were on level 1 of the Dungeon.
You were not hungry.

You visited 1 branch of the dungeon, and saw 1 of its levels.

You collected 52 gold pieces.

Inventory:

Missiles
 a - 12 arrows (quivered)
Books
 b - a book of Changes

   Spells                             Type                      Level
   a - Beastly Appendage              Transmutation                1
   b - Sticks to Snakes               Transmutation                2
   c - Spider Form                    Transmutation/Poison         3
   d - Ice Form                       Ice/Transmutation            4
   e - Blade Hands                    Transmutation                5
Comestibles
 c - 2 rations
 d - 6 chunks of flesh


   Skills:
 - Level 1.0 Fighting
 - Level 2.0 Dodging
 + Level 3.5 Unarmed Combat
 - Level 2.0 Spellcasting
 - Level 3.0 Transmutations


You had 3 spell levels left.
You knew the following spells:

 Your Spells              Type           Power        Failure   Level  Hunger
a - Beastly Appendage     Tmut           ##....       6%          1    #......
b - Sticks to Snakes      Tmut           ##......     9%          2    ###....


Dungeon Overview and Level Annotations

Branches:
Dungeon (1/15)

Altars:


Innate Abilities, Weirdness & Mutations

You cannot wear most types of armour.
You are very stealthy in the water. (Stealth+)
You are amphibious.
You can wear up to eight rings at the same time.
You can use your tentacles to constrict eight enemies at once.
Your skin changes colour to match your surroundings (Stealth+).
Your rubbery body absorbs attacks. (AC +1, EV +1)


Message History

* * * LOW HITPOINT WARNING * * *
You tentacle-slap the jackal but do no damage.
You grab the jackal.
You squeeze the jackal, but do no damage.
You constrict the jackal.
The jackal bites you but does no damage.
The hobgoblin closely misses you.
You tentacle-slap the jackal but do no damage.
You squeeze the jackal.
The jackal is severely wounded.
Your tentacle spike disappears.
You constrict the jackal.
You kill the jackal!
The hobgoblin hits you but does no damage.
You barely miss the hobgoblin. Your grab misses the hobgoblin.
The hobgoblin hits you with a club.
* * * LOW HITPOINT WARNING * * *
You closely miss the hobgoblin. Your grab misses the hobgoblin.
Your squeeze misses the hobgoblin. The hobgoblin hits you with a club.
You die...

.).≈≈≈[.###...#.....≈⌠≈.....
#..P.#.......#.......≈......
..........()(#..............
##...#.........≈..........≈.
#.###........≈≈..........≈≈
##.###......................
#)..#####.#.......♣♣♣♣♣♣....
.#.#.## #.#......♣♣ .
##.##.###.#≈....@♣
...###.##.#⌠≈...g♣
#####.###.#≈....†♣ .###.##
#......♣ ......# #$.....♣
##.##.# ......... ####.#
##....... #.# ##..≈≈.. #.#
#...≈...


You could see a hobgoblin.

Vanquished Creatures
  2 oozes (D:1)
  A bat (D:1)
  A giant cockroach (D:1)
  5 goblins (D:1)
  2 hobgoblins (D:1)
  3 jackals (D:1)
  3 kobolds (D:1)
  3 rats (D:1)
20 creatures vanquished.

Notes
Turn   | Place    | Note
-------+----------+-------------------------------------------
     0 | D:1      | sking99 the Octopode Transmuter began the quest for the Orb.
     0 | D:1      | Reached XP level 1. HP: 13/13 MP: 3/3
    63 | D:1      | Reached XP level 2. HP: 17/18 MP: 3/5
   480 | D:1      | Learned a level 2 spell: Sticks to Snakes
   501 | D:1      | Reached XP level 3. HP: 23/23 MP: 4/6
   546 | D:1      | Slain by a hobgoblin

Skill      XL: |  1  2 |
---------------+-------+-----
Transmutations | 3 |  3.0
Fighting       | |  1.0
Dodging        | |  2.0
Unarmed Combat | |  3.5
Spellcasting   | |  2.0

Action                   || total
-------------------------++-------
Melee: Unarmed           ||    50
       Kick              ||     8
       Tentacles         ||     7
       Constrict         ||    13
       Punch             ||     1
 Cast: Beastly Appendage ||    10
 Stab: Sleeping          ||     1
Armor: Skin              ||     6
Dodge: Dodged            ||    27
